 Dungeon Crawl Stone Soup version 0.25-a0-177-gd145f35b4e (webtiles) character file.

Game seed: 3043970925335092808, levelgen mode: deterministic

47 Autsider the Digger (level 3, -1/20 HPs)
             Began as a Gargoyle Earth Elementalist on Nov 25, 2019.
             Slain by a gnoll (6 damage)
             ... on level 1 of the Dungeon on Nov 26, 2019.
             The game lasted 00:11:50 (1573 turns).

Autsider the Digger (Gargoyle Earth Elementalist)   Turns: 1573, Time: 00:11:50

Health: -1/20      AC:  5    Str: 11    XL:     3   Next: 70%
Magic:  0/6        EV: 12    Int: 16    God:
Gold:   49         SH:  0    Dex: 10    Spells: 3/7 levels left

rFire    . . .     SeeInvis .   e - +0 club
rCold    . . .     Gourm    .   (no shield)
rNeg     + . .     Faith    .   c - +0 robe
rPois    ∞         Spirit   .   (no helmet)
rElec    +         Reflect  .   (no cloak)
rCorr    .         Harm     .   (no gloves)
MR       .....                  (no boots)
Stlth    ++........             (no amulet)
HPRegen  0.06/turn              (no ring)
MPRegen  0.10/turn              (no ring)

@: no status effects
A: negative energy resistance 1, electricity resistance, unbreathing,
petrification resistance, rot immunity, AC +3
a: no special abilities


You were on level 1 of the Dungeon.
You were not hungry.

You visited 1 branch of the dungeon, and saw 2 of its levels.

You collected 49 gold pieces.

Inventory:

Hand Weapons
 e - a +0 club (weapon)
Missiles
 b - 25 stones (quivered)
Armour
 c - a +0 robe (worn)
 h - a +1 leather armour of poison resistance
Scrolls
 a - a scroll of blinking {unknown}
 f - a scroll of fear {unknown}
 g - a scroll of remove curse {unknown}
 k - a scroll of teleportation {unknown}
 l - 2 scrolls of identify {unknown}
 m - a scroll of enchant armour {unknown}
Potions
 i - a potion of might {unknown}
Comestibles
 d - 3 rations
 j - a chunk of flesh


   Skills:
 + Level 1.0 Fighting
 - Level 1.5 Dodging
 - Level 2.1 Stealth
 + Level 2.5 Spellcasting
   Level 0.7 Transmutations
 * Level 4.8 Earth Magic


You had 3 spell levels left.
You knew the following spells:

 Your Spells              Type           Power        Failure   Level  Hunger
a - Sandblast             Erth           ###...       2%          1    #......
b - Stone Arrow           Conj/Erth      #.....       22%         3    ###....

Your spell library contained the following spells:

 Spells                   Type           Power        Failure   Level  Hunger
 Passwall                 Tmut/Erth      ##......     10%         2    ##.....
 Petrify                  Tmut/Erth      ##......     54%         4    #####..
 Lee's Rapid Deconstruct  Erth           ###.......   58%         5    ######.


Dungeon Overview and Level Annotations

Branches:
Dungeon (2/15)

Altars:
Trog


Innate Abilities, Weirdness & Mutations

You are resistant to torment.
Your stone body is resilient. (AC +3)
You are immune to poison.
You resist negative energy. (rN+)
You are resistant to electric shocks. (rElec)
You can survive without breathing.
You are immune to petrification.
You are immune to rotting.


Message History

The gnoll is almost dead.
b - 26 stones
There is a stone staircase leading up here.
The gnoll misses you.
The gnoll hits you from afar with a +0 halberd!
You climb upwards.
There is a stone staircase leading down here.
You hit the gnoll.
The gnoll is almost dead.
The gnoll hits you.
* * * LOW HITPOINT WARNING * * *
Casting: Sandblast (safe; 2% risk of failure)
Confirm with . or Enter, or press ? or * to list all spells.
Aiming: Sandblast (safe; 2% risk of failure)
Press: ? - help, Shift-Dir - straight line, f - gnoll
Aim: a gnoll (almost dead)
The blast of sand misses the gnoll.
b - 25 stones The gnoll hits you.
You die...

.# #.# #.# .# #.# #.# .# #.# #.#
.# #.#####.############# .#
#...................#
.#########.....#.###########.#
.........#.....#.# #.#
.#######.).....#g# #.#
...............+@# #>#
.###.####......#.###########.#
.###.#####.###.#.#...........#
.#....#........#.#.##############
.#.#..#.##.#.....#.# #....÷...
.#.#..#.#........#.# #.#######
.#.#..#.#.#......#.######.#
.#.#..#..........#......#.#
.#.####.....##.########.#.#


You could see a gnoll.

Vanquished Creatures
  A gnoll (D:2)
  2 leopard geckos
  3 giant cockroaches (D:1)
  5 goblins (D:1)
  4 hobgoblins (D:1)
  2 ball pythons (D:1)
  2 bats (D:1)
  3 frilled lizards (D:1)
  6 kobolds
  9 rats
37 creatures vanquished.

Notes
Turn   | Place    | Note
-------+----------+-------------------------------------------
     0 | D:1      | Autsider the Gargoyle Earth Elementalist began the quest
                  | for the Orb.
     0 | D:1      | Reached XP level 1. HP: 10/10 MP: 3/3
   335 | D:1      | Reached skill level 4 in Earth Magic
   348 | D:1      | Reached XP level 2. HP: 15/15 MP: 3/5
   963 | D:1      | Reached XP level 3. HP: 12/20 MP: 6/6
   984 | D:1      | Learned a level 3 spell: Stone Arrow
  1071 | D:1      | Upgraded the game from 0.25-a0-167-g836c352ace to
                  | 0.25-a0-177-gd145f35b4e
  1394 | D:2      | Found a bloodstained altar of Trog.
  1561 | D:2      | Reached skill level 1 in Fighting
  1573 | D:1      | Slain by a gnoll

Levels and vault maps discovered:
D:1:      dpeg_arrival_arbitrary_b, layout_basic, minmay_misc_feat_square
D:2:      layout_loops_corners, bloody_trog, serial_undead, serial_undead_d,
          serial_undead_a, serial_undead_f, serial_undead_f,
          kennysheep_okawaru_gauntlet, uniq_crazy_yiuf_cottage

Skill      XL: |  1  2  3 |
---------------+----------+-----
Earth Magic    | 4 |  4.8
Fighting       | 1 |  1.0
Dodging        | |  1.5
Stealth        | |  2.1
Spellcasting   | |  2.5
Transmutations | |  0.7

Action                   || total
-------------------------++-------
Melee: Club              ||   108
       Unarmed           ||     3
 Cast: Sandblast         ||    18
       Stone Arrow       ||     4
 Stab: Sleeping          ||     3
  Eat: Chunk             ||     3
Armor: Robe              ||    34
Dodge: Dodged            ||    73

Table legend:
 A = Non-vault XP
 B = Vault XP
 C = Vault XP percentage of total XP
 D = Non-vault monster count
 E = Vault monster count
 F = Vault count percentage of total count
                 A         B        C        D         E       F
            +---------+---------+-------+---------+---------+-------
      Total |      68 |       0 |   0.0 |      37 |       0 |   0.0
            +---------+---------+-------+---------+---------+-------
        D:1 |      46 |       0 |   0.0 |      30 |       0 |   0.0
        D:2 |      22 |       0 |   0.0 |       7 |       0 |   0.0
            +---------+---------+-------+---------+---------+-------
